| TOP OF THE 1ST |
|
New York Yankees batting - Pitching for Texas Rangers : RHP Tim Leary
|
|
Pitching: RHP Tim Leary
|
|
|
Batting: SHB Willie Wilson
|
0-0: Ball 1-0: Called Strike 1-1: SINGLE (Groundball, 6MS, EV 71.9 MPH) (infield hit)
|
|
Batting: RHB David Hall
|
0-0: Foul Ball, location: 2F 0-1: Called Strike 0-2: Ball 1-2: Ball 2-2: Ball 3-2: Foul Ball, location: 2F 3-2: Strikes out swinging
|
|
Batting: LHB Wade Boggs
|
0-0: Ball Willie Wilson steals 2nd base 1-0: Called Strike 1-1: SINGLE (Line Drive, 8LS, EV 100.6 MPH) Willie Wilson to third Runner from 3rd tries for Home, SAFE, throw by CF to home
|
|
Batting: LHB Kent Hrbek
|
0-0: Foul Ball, location: 2F 0-1: Ball 1-1: Swinging Strike 1-2: Strikes out swinging
|
|
Batting: RHB Pedro Guerrero
|
0-0: Ball 1-0: Swinging Strike 1-1: Foul Ball, location: 2F 1-2: Foul Ball, location: 2F 1-2: Ball 2-2: Strikes out swinging
|
| Top of the 1st over - 1 run, 2 hits, 0 errors, 1 left on base; New York 1 - Texas 0 |
| BOTTOM OF THE 1ST |
|
Texas Rangers batting - Pitching for New York Yankees : RHP Steve Shields
|
|
Pitching: RHP Steve Shields
|
|
|
Batting: SHB Ron Roenicke
|
0-0: Ball 1-0: Ball 2-0: Bunt - Flyout to 3S! F3
|
|
Batting: RHB Juan Samuel
|
0-0: SINGLE (Flyball, 4D, EV 96.9 MPH)
|
|
Batting: LHB Jody Helser
|
0-0: Ball 1-0: Swinging Strike 1-1: SINGLE (Flyball, 8RS, EV 93.8 MPH) Juan Samuel to second Runner from 2nd tries for 3rd, SAFE, no throw by CF
|
|
Batting: RHB Steve Balboni
|
0-0: Foul Ball, location: 2F 0-1: 3-RUN HOME RUN (Flyball, 7D, EV 111.9 MPH), Distance : 380 ft
|
|
Batting: RHB Rich Dauer
|
0-0: Foul Ball, location: 2F 0-1: Ball 1-1: Foul Ball, location: 2F 1-2: Foul Ball, location: 2F 1-2: DOUBLE (Line Drive, 89M, EV 101.3 MPH)
|
|
Batting: LHB Richie Hebner
|
0-0: Swinging Strike 0-1: Ball 1-1: Swinging Strike 1-2: Foul Ball, location: 2F 1-2: Foul Ball, location: 2F 1-2: 2-RUN HOME RUN (Flyball, 89XD, EV 100.6 MPH), Distance : 386 ft
|
|
Batting: RHB George A Bell
|
0-0: Fly out, F4 (Flyball, 34D, EV 91.9 MPH)
|
|
Batting: LHB Ernie Whitt
|
0-0: Called Strike 0-1: Foul Ball, location: 2F 0-2: Ball 1-2: Ball 2-2: Strikes out looking
|
| Bottom of the 1st over - 5 runs, 5 hits, 0 errors, 0 left on base; New York 1 - Texas 5 |
| TOP OF THE 2ND |
|
New York Yankees batting - Pitching for Texas Rangers : RHP Tim Leary
|
|
Batting: LHB George Kaage
|
0-0: Called Strike 0-1: Foul Ball, location: 2F 0-2: Ground out 1-3 (Groundball, 15S, EV 66.9 MPH)
|
|
Batting: RHB Emanuel Cortez
|
0-0: Called Strike 0-1: Ball 1-1: SINGLE (Groundball, 4MS, EV 74.4 MPH) (infield hit)
|
|
Batting: SHB Jerry Manuel
|
0-0: Ball 1-0: Swinging Strike 1-1: Ball 2-1: Fly out, F7 (Line Drive, 7, EV 108.1 MPH)
|
|
Batting: LHB Ron Hassey
|
0-0: Called Strike 0-1: Ball 1-1: Foul Ball, location: 2F 1-2: Foul Ball, location: 2F 1-2: Fly out, F9 (Flyball, 9S, EV 91.3 MPH)
|
| Top of the 2nd over - 0 runs, 1 hit, 0 errors, 1 left on base; New York 1 - Texas 5 |
| BOTTOM OF THE 2ND |
|
Texas Rangers batting - Pitching for New York Yankees : RHP Steve Shields
|
|
Batting: RHB Juan Rodriguez
|
0-0: Called Strike 0-1: Swinging Strike 0-2: Foul Ball, location: 2F 0-2: SINGLE (Line Drive, 4MD, EV 96.9 MPH)
|
|
Batting: SHB Ron Roenicke
|
0-0: Fielders Choice at 2nd, 4-6 (Groundball, 4, EV 76.9 MPH)
|
|
Batting: RHB Juan Samuel
|
0-0: Ball 1-0: Ball 2-0: Ball 3-0: Base on Balls Ron Roenicke to second
|
|
Batting: LHB Jody Helser
|
0-0: Fly out, F8 (Line Drive, 8RM, EV 106.9 MPH)
|
|
Batting: RHB Steve Balboni
|
0-0: Ball 1-0: Called Strike 1-1: Ball 2-1: Fly out, F4 (Popup, 34S, EV 85.0 MPH)
|
| Bottom of the 2nd over - 0 runs, 1 hit, 0 errors, 2 left on base; New York 1 - Texas 5 |
| TOP OF THE 3RD |
|
New York Yankees batting - Pitching for Texas Rangers : RHP Tim Leary
|
|
Batting: SHB Willie Wilson
|
0-0: Ball 1-0: Called Strike 1-1: Swinging Strike 1-2: Ball 2-2: Ground out 1-3 (Groundball, 13S, EV 75.0 MPH)
|
|
Batting: RHB David Hall
|
0-0: DOUBLE (Groundball, 5L, EV 101.9 MPH)
|
|
Batting: LHB Wade Boggs
|
0-0: Foul Ball, location: 2F 0-1: Called Strike 0-2: Strikes out looking
|
|
Batting: LHB Kent Hrbek
|
0-0: Called Strike 0-1: Called Strike 0-2: Ball 1-2: Strikes out looking
|
| Top of the 3rd over - 0 runs, 1 hit, 0 errors, 1 left on base; New York 1 - Texas 5 |
| BOTTOM OF THE 3RD |
|
Texas Rangers batting - Pitching for New York Yankees : RHP Steve Shields
|
|
Batting: RHB Rich Dauer
|
0-0: Ball 1-0: Called Strike 1-1: Ground out 5-3 (Groundball, 5L, EV 88.8 MPH)
|
|
Batting: LHB Richie Hebner
|
0-0: Ball 1-0: Ball 2-0: Fly out, F9 (Flyball, 9LM, EV 86.9 MPH)
|
|
Batting: RHB George A Bell
|
0-0: Called Strike 0-1: Foul Ball, location: 2F 0-2: Ball 1-2: Foul Ball, location: 2F 1-2: Ground out 4-3 (Groundball, 4, EV 88.8 MPH)
|
| Bottom of the 3rd over - 0 runs, 0 hits, 0 errors, 0 left on base; New York 1 - Texas 5 |
| TOP OF THE 4TH |
|
New York Yankees batting - Pitching for Texas Rangers : RHP Tim Leary
|
|
Batting: RHB Pedro Guerrero
|
0-0: Ball 1-0: Ball 2-0: Called Strike 2-1: SINGLE (Line Drive, 7S, EV 110.0 MPH)
|
|
Batting: LHB George Kaage
|
0-0: Ball 1-0: Swinging Strike 1-1: Ball 2-1: Ground out 4-3 (Groundball, 4M, EV 108.8 MPH) Pedro Guerrero to second
|
|
Batting: RHB Emanuel Cortez
|
0-0: Ball 1-0: Ball 2-0: Foul Ball, location: 2F 2-1: Ball 3-1: Foul Ball, location: 2F 3-2: Base on Balls
|
|
Batting: SHB Jerry Manuel
|
0-0: Ball 1-0: Ball 2-0: Ball 3-0: Called Strike 3-1: Called Strike 3-2: Foul Ball, location: 2F 3-2: Fly out, F9 (Flyball, 9LS, EV 89.4 MPH)
|
|
Batting: LHB Ron Hassey
|
0-0: Called Strike 0-1: Fielders Choice at 2nd, 6-4 (Groundball, 6, EV 91.3 MPH)
|
| Top of the 4th over - 0 runs, 1 hit, 0 errors, 2 left on base; New York 1 - Texas 5 |
| BOTTOM OF THE 4TH |
|
Texas Rangers batting - Pitching for New York Yankees : RHP Steve Shields
|
|
Batting: LHB Ernie Whitt
|
0-0: Ball 1-0: Ball 2-0: Called Strike 2-1: SOLO HOME RUN (Flyball, 89XD, EV 106.3 MPH), Distance : 391 ft
|
|
Pitching: RHP Greg Field
|
|
|
Batting: RHB Juan Rodriguez
|
0-0: Ground out 4-3 (Groundball, 4S, EV 86.9 MPH)
|
|
Batting: SHB Ron Roenicke
|
0-0: Ball 1-0: Called Strike 1-1: Called Strike 1-2: Foul Ball, location: 2F 1-2: Fly out, F8 (Flyball, 8RD, EV 98.8 MPH)
|
|
Batting: RHB Juan Samuel
|
0-0: Called Strike 0-1: Ball 1-1: Ball 2-1: Ball 3-1: Foul Ball, location: 2F 3-2: Strikes out swinging
|
| Bottom of the 4th over - 1 run, 1 hit, 0 errors, 0 left on base; New York 1 - Texas 6 |
| TOP OF THE 5TH |
|
New York Yankees batting - Pitching for Texas Rangers : RHP Tim Leary
|
|
Batting: SHB Willie Wilson
|
0-0: Ball 1-0: Foul Ball, location: 2F 1-1: Called Strike 1-2: Strikes out looking
|
|
Batting: RHB David Hall
|
0-0: Ball 1-0: Ball 2-0: Fly out, F8 (Flyball, 89S, EV 85.6 MPH)
|
|
Batting: LHB Wade Boggs
|
0-0: Ball 1-0: Ball 2-0: Foul Ball, location: 2F 2-1: Swinging Strike 2-2: Ball 3-2: Foul Ball, location: 2F 3-2: DOUBLE (Line Drive, 78D, EV 98.1 MPH)
|
|
Batting: LHB Kent Hrbek
|
0-0: Called Strike 0-1: Ball 1-1: Called Strike 1-2: Strikes out looking
|
| Top of the 5th over - 0 runs, 1 hit, 0 errors, 1 left on base; New York 1 - Texas 6 |
| BOTTOM OF THE 5TH |
|
Texas Rangers batting - Pitching for New York Yankees : RHP Greg Field
|
|
Batting: LHB Jody Helser
|
0-0: Called Strike 0-1: Called Strike 0-2: Ball 1-2: Foul Ball, location: 2F 1-2: Foul Ball, location: 2F 1-2: Ground out 5-3 (Groundball, 5D, EV 100.0 MPH)
|
|
Batting: RHB Steve Balboni
|
0-0: Ball 1-0: Ball 2-0: Ball 3-0: Called Strike 3-1: Reached on error, E9 (Flyball, 9, EV 84.4 MPH)
|
|
Batting: RHB Rich Dauer
|
0-0: Ball 1-0: Foul Ball, location: 2F 1-1: Ball 2-1: Swinging Strike 2-2: SINGLE (Groundball, 6D, EV 95.6 MPH) Steve Balboni to second
|
|
Batting: LHB Richie Hebner
|
0-0: Called Strike 0-1: Ball 1-1: Fly out, F8 (Flyball, 8LS, EV 93.8 MPH)
|
|
Batting: RHB George A Bell
|
0-0: Ball 1-0: Foul Ball, location: 2F 1-1: SINGLE (Groundball, 6MD, EV 97.5 MPH) Steve Balboni to third Rich Dauer to second Runner from 3rd tries for Home, throw by CF and OUT! 8-2
|
| Bottom of the 5th over - 0 runs, 2 hits, 1 error, 2 left on base; New York 1 - Texas 6 |
| TOP OF THE 6TH |
|
New York Yankees batting - Pitching for Texas Rangers : RHP Tim Leary
|
|
Batting: RHB Pedro Guerrero
|
0-0: Fly out, F8 (Flyball, 78XD, EV 97.5 MPH)
|
|
Batting: LHB George Kaage
|
0-0: Foul Ball, location: 2F 0-1: Ground out U3 (Groundball, 3, EV 98.1 MPH)
|
|
Batting: RHB Emanuel Cortez
|
0-0: Ball 1-0: Ball 2-0: Ground out 4-3 (Groundball, 4, EV 84.4 MPH)
|
| Top of the 6th over - 0 runs, 0 hits, 0 errors, 0 left on base; New York 1 - Texas 6 |
| BOTTOM OF THE 6TH |
|
Texas Rangers batting - Pitching for New York Yankees : RHP Greg Field
|
|
Batting: LHB Ernie Whitt
|
0-0: Called Strike 0-1: Foul Ball, location: 2F 0-2: Ball 1-2: Strikes out swinging
|
|
Batting: RHB Juan Rodriguez
|
0-0: Ball 1-0: Reached on error, E5 (Groundball, 56S, EV 80.0 MPH)
|
|
Batting: SHB Ron Roenicke
|
0-0: Ball 1-0: DOUBLE (Line Drive, 78D, EV 106.3 MPH) Juan Rodriguez to third Runner from 3rd tries for Home, SAFE, no throw by LF
|
|
Batting: RHB Juan Samuel
|
0-0: Ball 1-0: Ball 2-0: Fly out, F8 (Flyball, 8LD, EV 92.5 MPH)
|
|
Batting: LHB Jody Helser
|
0-0: Ball 1-0: Called Strike 1-1: Reached on error, E6 (Groundball, 6S, EV 66.9 MPH) Ron Roenicke to third
|
|
Batting: RHB Steve Balboni
|
0-0: Fly out, F4 (Popup, 4, EV 74.4 MPH)
|
| Bottom of the 6th over - 1 run, 1 hit, 2 errors, 2 left on base; New York 1 - Texas 7 |
| TOP OF THE 7TH |
|
New York Yankees batting - Pitching for Texas Rangers : RHP Tim Leary
|
|
Batting: SHB Jerry Manuel
|
0-0: Ball 1-0: Foul Ball, location: 2F 1-1: Foul Ball, location: 2F 1-2: Ball 2-2: Strikes out swinging
|
|
Batting: LHB Ron Hassey
|
0-0: Ball 1-0: SINGLE (Groundball, 6D, EV 101.9 MPH)
|
|
Batting: SHB Willie Wilson
|
0-0: Ball 1-0: Swinging Strike 1-1: SINGLE (Line Drive, 3D, EV 98.1 MPH) Ron Hassey to second Runner from 2nd tries for 3rd, SAFE, no throw by RF
|
|
Batting: RHB David Hall
|
0-0: Called Strike 0-1: Ball 1-1: Fly out, F7 (Flyball, 7D, EV 105.6 MPH) Runner from 3rd tags up, SCORES, no throw by LF
|
|
Batting: LHB Wade Boggs
|
0-0: Called Strike Willie Wilson steals 2nd base 0-1: Swinging Strike 0-2: Ball 1-2: Ground out U3 (Groundball, 34S, EV 90.0 MPH)
|
| Top of the 7th over - 1 run, 2 hits, 0 errors, 1 left on base; New York 2 - Texas 7 |
| BOTTOM OF THE 7TH |
|
Texas Rangers batting - Pitching for New York Yankees : RHP Greg Field
|
|
Batting: RHB Rich Dauer
|
0-0: Ball 1-0: Swinging Strike 1-1: Fly out, F6 (Line Drive, 6, EV 65.0 MPH)
|
|
Batting: LHB Richie Hebner
|
0-0: Ball 1-0: Ball 2-0: Ground out 6-3 (Groundball, 6, EV 81.9 MPH)
|
|
Batting: RHB George A Bell
|
0-0: SOLO HOME RUN (Flyball, 7D, EV 100.0 MPH), Distance : 380 ft
|
|
Batting: LHB Ernie Whitt
|
0-0: Ball 1-0: Fly out, F5 (Line Drive, 5, EV 73.1 MPH)
|
| Bottom of the 7th over - 1 run, 1 hit, 0 errors, 0 left on base; New York 2 - Texas 8 |
| TOP OF THE 8TH |
|
New York Yankees batting - Pitching for Texas Rangers : RHP Tim Leary
|
|
Batting: LHB Kent Hrbek
|
0-0: Swinging Strike 0-1: Foul Ball, location: 2F 0-2: SINGLE (Flyball, 8LS, EV 91.3 MPH)
|
|
Batting: RHB Pedro Guerrero
|
0-0: Ball 1-0: Ball 2-0: Foul Ball, location: 2F 2-1: Foul Ball, location: 2F 2-2: Strikes out swinging
|
|
Batting: LHB George Kaage
|
0-0: Ball 1-0: Called Strike 1-1: Swinging Strike 1-2: Ball 2-2: Ball 3-2: Fielders Choice at 2nd, 5-4 (Groundball, 15, EV 76.9 MPH)
|
|
Batting: RHB Emanuel Cortez
|
0-0: Foul Ball, location: 2F 0-1: Ground out 1-3 (Groundball, P, EV 65.0 MPH)
|
| Top of the 8th over - 0 runs, 1 hit, 0 errors, 1 left on base; New York 2 - Texas 8 |
| BOTTOM OF THE 8TH |
|
Texas Rangers batting - Pitching for New York Yankees : RHP Greg Field
|
|
Batting: RHB Juan Rodriguez
|
0-0: Ball 1-0: Ball 2-0: Ball 3-0: Called Strike 3-1: Foul Ball, location: 2F 3-2: Base on Balls
|
|
Pitching: RHP Jeff Cornell
|
|
|
Batting: SHB Ron Roenicke
|
0-0: Ball 1-0: Foul Ball, location: 2F 1-1: Swinging Strike 1-2: Ball Juan Rodriguez steals 2nd base 2-2: Foul Ball, location: 2F 2-2: Ball 3-2: Foul Ball, location: 2F 3-2: Foul Ball, location: 2F 3-2: Fly out, F9 (Flyball, 89M, EV 85.0 MPH)
|
|
Batting: RHB Juan Samuel
|
0-0: Foul Ball, location: 2F 0-1: Ball 1-1: Ball 2-1: Ball 3-1: Called Strike 3-2: Strikes out looking
|
|
Batting: LHB Jody Helser
|
0-0: Ball 1-0: Ground out 4-3 (Groundball, 4, EV 96.3 MPH)
|
| Bottom of the 8th over - 0 runs, 0 hits, 0 errors, 1 left on base; New York 2 - Texas 8 |
| TOP OF THE 9TH |
|
New York Yankees batting - Pitching for Texas Rangers : RHP Tim Leary
|
|
Batting: SHB Jerry Manuel
|
0-0: Called Strike 0-1: Fly out, F8 (Flyball, 8LD, EV 96.9 MPH)
|
|
Batting: LHB Ron Hassey
|
0-0: Ball 1-0: Ball 2-0: Called Strike 2-1: Foul Ball, location: 2F 2-2: Foul Ball, location: 2F 2-2: Strikes out swinging
|
|
Batting: SHB Willie Wilson
|
0-0: Foul Ball, location: 2F 0-1: DOUBLE (Flyball, 89D, EV 98.8 MPH)
|
|
Pitching: LHP Jake Zorbas
|
|
|
Batting: RHB David Hall
|
0-0: SINGLE (Groundball, 4D, EV 94.4 MPH) Willie Wilson to third
|
|
Batting: LHB Wade Boggs
|
0-0: Ball 1-0: Ball 2-0: Ball 3-0: Base on Balls David Hall to second
|
|
Batting: LHB Kent Hrbek
|
0-0: Ball 1-0: Called Strike 1-1: Fly out, F7 (Flyball, 78S, EV 87.5 MPH)
|
| Top of the 9th over - 0 runs, 2 hits, 0 errors, 3 left on base; New York 2 - Texas 8 |
|